Map: Império Eterno LE

Players

LowLinK - Winner!

  • Race: Protoss Protoss
  • League: Platinum
  • Spawn Location: 1:00

iscariote

  • Race: Terran Terran
  • Spawn Location: 7:00

VOD

Have the link to the VOD?

Description

Time

  • Played on: Feb. 15, 2020, 1:20 p.m.
  • Length: 6:32
Show
View Real Time Build Order
Export as new Build Order

LowLinK Protoss - Winner!

Build Orders:  

Get SALT Encoding   

  12  0:01  Probe  
  13  0:13  Probe  
  14  0:18  Pylon  
  14  0:25  Probe  
  15  0:37  Probe (Chrono Boost)  
  15  0:38  Gateway  
  16  0:43  Assimilator  
  16  0:49  Probe (Chrono Boost)  
  17  0:56  Probe (Chrono Boost)  
  18  0:58  Assimilator  
  18  1:03  Probe  
  19  1:15  Probe  
  20  1:22  Pylon  
  20  1:24  Cybernetics Core  
  20  1:33  Probe  
  21  1:45  Probe  
  22  1:56  Warp Gate (Chrono Boost)  
  22  1:57  Probe  
  23  2:02  Pylon  
  23  2:04  Pylon  
  23  2:15  Gateway  
  23  2:18  Gateway  
  23  2:20  Gateway  
  23  2:37  Gateway  
  23  2:39  Sentry  
  25  2:57  Pylon  
  25  3:20  Pylon  
  25  3:30  Stalker  
  25  3:31  Stalker  
  25  3:33  Stalker x2  
  33  3:35  Stalker  
  35  3:49  Stalker  
  37  3:56  Stalker x2  
  37  4:01  Pylon  
  41  4:06  Stalker  
  43  4:10  Sentry  
  45  4:19  Stalker  
  47  4:24  Adept  
  49  4:35  Stalker  
  49  4:37  Sentry  
  53  5:02  Stalker x3  
  47  5:44  Stalker x4  
  53  6:11  Stalker  
  53  6:12  Stalker x3  
Show
View Real Time Build Order
Export as new Build Order

iscariote Terran 

Build Orders:  

Get SALT Encoding   

  12  0:00  SCV  
  13  0:13  SCV  
  14  0:19  Supply Depot  
  14  0:25  SCV  
  15  0:41  SCV  
  16  0:43  Refinery  
  16  0:49  Barracks  
  16  0:53  SCV  
  17  1:02  Barracks  
  17  1:08  SCV  
  18  1:20  SCV  
  19  1:32  SCV  
  20  1:36  Barracks Tech Lab  
  20  1:39  Refinery  
  20  1:44  Orbital Command  
  20  1:49  Marine  
  20  1:51  Supply Depot  
  21  1:58  Marauder  
  21  1:59  Concussive Shells  
  23  2:12  Marine  
  24  2:16  Supply Depot  
  24  2:19  Marauder  
  26  2:30  Marine  
  26  2:33  SCV  
  28  2:40  Supply Depot  
  28  2:41  Marauder  
  30  2:45  SCV  
  30  2:48  Marine  
  32  3:02  Marauder  
  34  3:06  Marine  
  34  3:07  Factory  
  34  3:11  Engineering Bay  
  35  3:23  Marine, Marauder  
  38  3:29  Supply Depot  
  38  3:38  Missile Turret  
  38  3:41  Marine  
  38  3:45  Marauder  
  41  3:49  Supply Depot  
  41  3:55  Factory Tech Lab  
  41  3:59  Marine  
  42  4:06  Marauder  
  44  4:15  Siege Tank  
  47  4:19  Marine  
  48  4:27  Marauder  
  50  4:37  Marine  
  51  4:43  Orbital Command  
  50  4:47  Siege Tank  
  50  4:48  Marine  
  45  5:13  Command Center  
  38  5:43  SCV  
  39  5:54  Siege Tank  
  42  6:07  Marine  
  30  6:17  SCV  
Tags
 
Add a new tag
Caveats
  • Supply blocks, unpowered buildings, or Contaminate may cause inaccurate times.
  • Supply counts are checked every 10 seconds.